 Dungeon Crawl Stone Soup version 0.24-a0-333-g864f2b5d03 (webtiles) character file.

Game seed: 6330193793682292

2786 HAL9000 the Slicer (level 9, -8/42 HPs)
             Began as a Vine Stalker Assassin on May 16, 2019.
             Was a Believer of Dithmenos.
             Mangled by a cyclops (21 damage)
             ... on level 8 of the Dungeon on May 17, 2019.
             The game lasted 00:19:01 (6902 turns).

HAL9000 the Slicer (Vine Stalker Assassin)          Turns: 6902, Time: 00:19:22

Health: -8/42      AC:  8    Str: 15    XL:     9   Next: 70%
Magic:  0/10       EV: 11    Int: 12    God:    Dithmenos [**....]
Gold:   317        SH:  0    Dex: 17    Spells: 8/8 levels left

rFire    . . .     SeeInvis .   a - +2 dagger
rCold    . . .     Gourm    .   (no shield)
rNeg     . . .     Faith    .   g - +0 leather armour
rPois    .         Spirit   +   (no helmet)
rElec    .         Reflect  .   c - +0 cloak
rCorr    .         Harm     .   i - +2 pair of gloves {archery}
MR       +....                  k - +0 pair of boots
Stlth    +++++.....             (no amulet)
HPRegen  0.54/turn              b - ring of flight
MPRegen  0.12/turn              H - ring of wizardry

@: lethally poisoned (-8 -> -10), wreathed by umbra
A: fangs 3, regeneration 1, magic shield, antimagic bite, no potion heal 3, rot
immunity
a: Shadow Step, Renounce Religion, Evoke Flight


You were on level 8 of the Dungeon.
You worshipped Dithmenos.
Dithmenos was pleased with you.
You were not hungry.

You visited 2 branches of the dungeon, and saw 9 of its levels.

You collected 317 gold pieces.

Inventory:

Hand Weapons
 a - a +2 dagger (weapon)
Missiles
 d - 24 poisoned darts (quivered)
 j - 3 throwing nets
 G - 8 silver javelins
Armour
 c - a +0 cloak (worn)
 g - a +0 leather armour (worn)
 h - a +0 helmet
 i - a +2 pair of gloves of archery (worn)
 k - a +0 pair of boots (worn)
Jewellery
 b - a ring of flight (left hand)
 u - an uncursed ring of fire
 H - a ring of wizardry (right hand)
Wands
 F - a wand of paralysis (7)
Scrolls
 l - 4 scrolls of remove curse
 m - 5 scrolls of teleportation
 o - 2 scrolls of amnesia
 p - a scroll of immolation {unknown}
 s - 3 scrolls of noise {unknown}
 t - 2 scrolls of enchant weapon
 w - a scroll of enchant armour {unknown}
 x - a scroll of blinking
 y - 3 scrolls of fog
 B - a scroll of fear {unknown}
Potions
 n - a potion of heal wounds
 q - a potion of brilliance
 r - 2 potions of mutation
 v - a potion of curing
 z - 2 potions of lignification
 A - a potion of might
 C - a potion of invisibility
 D - 2 potions of berserk rage
Comestibles
 f - 20 rations


   Skills:
 - Level 1.7 Fighting
 - Level 10.1 Short Blades
 + Level 5.1 Throwing
 - Level 0.7 Dodging
 - Level 8.0 Stealth


You had 8 spell levels left.
You didn't know any spells.
Your spell library contained the following spells:

 Spells                   Type           Power        Failure   Level  Hunger
 Magic Dart               Conj           #...         16%         1    ##.....
 Searing Ray              Conj           #.....       24%         2    ###....
 Dazzling Spray           Conj/Hex       #.....       43%         3    ####...
 Force Lance              Conj/Tloc      #.......     82%         4    #####..
 Fulminant Prism          Conj/Hex       #.........   82%         4    #####..
 Iskenderun's Mystic Bla  Conj           #.......     82%         4    #####..


Dungeon Overview and Level Annotations

Branches:
Dungeon (8/15)             Temple (1/1) D:4
   Lair: D:8-11

Altars:
Ashenzari
Dithmenos
Fedhas
Gozag
Hepliaklqana
Kikubaaqudgha
Makhleb
Nemelex Xobeh
Okawaru
Qazlal
Ru
Trog
Uskayaw
Vehumet
Wu Jian
Xom
Yredelemnul
Zin
The Shining One


Innate Abilities, Weirdness & Mutations

You have razor-sharp teeth.
Your natural rate of healing is unusually fast.
When hurt, damage is shared between your health and your magic reserves.
Your bite disrupts and absorbs the magic of your enemies.
Potions cannot restore your health.
You are immune to rotting.


Message History

The cyclops is severely wounded.
The killer bee stings you but does no damage.
You hit the cyclops but do no damage. You bite the cyclops.
You drain its power.
You feel invigorated.
The cyclops is almost dead.
The killer bee closely misses you.
You hit the cyclops but do no damage. You bite the cyclops.
You drain its power.
The cyclops is almost dead.
The killer bee barely misses you. The cyclops hits you!
You hit the cyclops.
The cyclops is almost dead.
The killer bee stings you but does no damage.
You hit the cyclops. Your bite misses the cyclops.
The cyclops is almost dead.
The killer bee stings you.
You are poisoned.
The killer bee poisons you! The cyclops hits you!!
Ouch! That really hurt!
You die...

.##.### #...#
#..# .##.# ##..#
#..# .##.#
#..######..#
.##.#
#..).......#
.##.#
##.##.###..#
.##.#
#.#...##..#
.##.#
###......#(.#
..#.#
#......y....#
....#
#.#.....@#..#
....#
#.#.#..C##..#
...##
#.#.##.###..#
..##
###.#.#÷..##..#
###
#......).†##..#
#
##.#.#.<.......#
#
#.....#######.##
#
#.....#######.#
#
#.............#


You could see a cyclops and a killer bee.

Vanquished Creatures
  A water moccasin (D:7)
  An orc warrior (D:6)
  4 ogres
  2 sky beasts
  4 centaurs
  4 bullfrogs (D:6)
  A water moccasin zombie (D:5)
  5 scorpions
  5 killer bees
  A centaur zombie (D:7)
  A quasit (D:7)
  A bullfrog zombie (D:8)
  An orc priest (D:6)
  6 hounds
  A gnoll shaman (D:6)
  3 centaur skeletons
  A jelly (D:6)
  A bullfrog skeleton (D:5)
  Terence (D:3)
  An iguana (D:8)
  6 orc wizards
  A worker ant zombie (D:5)
  5 gnolls (D:7)
  9 adders
  An ooze (D:3)
  2 adder skeletons
  An adder zombie (D:6)
  6 worms
  3 leopard geckos
  25 orcs
  3 ball pythons
  4 bats (D:2)
  8 giant cockroaches
  6 goblins
  10 hobgoblins
  7 jackals
  2 quokkas
  5 frilled lizards
  2 gnoll zombies (D:7)
  A jackal skeleton (D:8)
  4 kobolds (D:1)
  A leopard gecko skeleton (D:5)
  A leopard gecko zombie (D:6)
  13 rats
171 creatures vanquished.

Notes
Turn   | Place    | Note
-------+----------+-------------------------------------------
     0 | D:1      | HAL9000 the Vine Stalker Assassin began the quest for the
                  | Orb.
     0 | D:1      | Reached XP level 1. HP: 11/11 MP: 2/2
    13 | D:1      | Reached skill level 2 in Short Blades
   291 | D:1      | Reached XP level 2. HP: 15/15 MP: 3/3
   510 | D:1      | Reached skill level 3 in Short Blades
   797 | D:2      | Reached XP level 3. HP: 4/18 MP: 4/4
  1209 | D:2      | Found an ancient bone altar of Kikubaaqudgha.
  2035 | D:3      | Noticed Terence
  2056 | D:3      | Killed Terence
  2056 | D:3      | Reached skill level 4 in Short Blades
  2056 | D:3      | Gained mutation: Your natural rate of healing is unusually
                  | fast. [Vine Stalker growth]
  2056 | D:3      | Reached XP level 4. HP: 20/23 MP: 3/5
  2209 | D:3      | Found a burning altar of Makhleb.
  2213 | D:3      | Found a glowing silver altar of Zin.
  2213 | D:3      | Noticed a balrug
  2213 | D:3      | Noticed an angel
  2277 | D:3      | Reached XP level 5. HP: 26/26 MP: 6/6
  2945 | D:4      | Reached skill level 5 in Short Blades
  3075 | D:4      | Upgraded the game from 0.24-a0-317-g5cb8de4b22 to
                  | 0.24-a0-333-g864f2b5d03
  3116 | D:4      | Found a staircase to the Ecumenical Temple.
  3139 | Temple   | Entered the Ecumenical Temple
  3155 | Temple   | Became a worshipper of Dithmenos the Shadowed
  3317 | D:4      | Reached XP level 6. HP: 26/30 MP: 5/7
  3818 | D:4      | Reached skill level 6 in Short Blades
  3999 | D:5      | Entered Level 5 of the Dungeon
  4078 | D:5      | Reached skill level 7 in Short Blades
  4078 | D:5      | Reached XP level 7. HP: 34/34 MP: 8/8
  4312 | D:5      | Reached skill level 8 in Short Blades
  4541 | D:6      | Gained mutation: You have razor-sharp teeth. [Vine Stalker
                  | growth]
  4541 | D:6      | Reached XP level 8. HP: 13/38 MP: 4/9
  4734 | D:6      | Reached * piety under Dithmenos
  4787 | D:6      | Reached skill level 9 in Short Blades
  5050 | D:6      | Reached skill level 10 in Short Blades
  5362 | D:6      | Reached skill level 5 in Stealth
  5362 | D:6      | Reached XP level 9. HP: 33/42 MP: 10/10
  5640 | D:7      | Reached ** piety under Dithmenos
  6211 | D:7      | Found a basalt altar of Yredelemnul.
  6460 | D:8      | Noticed a cyclops
  6727 | D:7      | Reached skill level 5 in Throwing
  6902 | D:8      | Mangled by a cyclops

Levels and vault maps discovered:
D:1:      dpeg_arrival_refuge, layout_basic
D:2:      layout_loops_ring, lemuel_crystal_altar
D:3:      layout_loops_cross, grunt_temple_overflow_order_and_chaos_2,
          first_ration, minmay_misc_feat_more_columns, serial_bayou_lagoon_a,
          chequers_serial_rivers_small_b, minmay_misc_feat_ornament,
          minmay_misc_feat_hallway, uniq_terence
D:4:      layout_basic, minmay_temple_entry_antechambers
D:5:      layout_rooms
D:6:      minmay_chambers_of_threes, layout_loops_ring
D:7:      layout_rooms, lemuel_zombie_altar_yredelemnul, grunt_ogre_cave,
          minmay_misc_feat_encased
D:8:      layout_loops_ring
Temple:   minmay_freezing_vapour_temple

Skill      XL: |  1  2  3  4  5  6  7  8  9 |
---------------+----------------------------+-----
Short Blades   | 2 3 4 5 7 8 10 | 10.1
Throwing       | 2 5 |  5.1
Stealth        | 5 8 |  8.0
Fighting       | |  1.7
Dodging        | |  0.7

Action                   |  1- 3 |  4- 6 |  7- 9 || total
-------------------------+-------+-------+-------++-------
Melee: Dagger            |   115 |   128 |   482 ||   725
       Bite              |    32 |    47 |   167 ||   246
Throw: Dart              |     3 |     7 |    28 ||    38
       Boomerang         |       |     6 |       ||     6
Evoke: Wand              |       |       |     2 ||     2
  Use: Scroll            |       |    17 |     2 ||    19
       Potion            |       |       |     1 ||     1
 Stab: Sleeping          |    14 |     5 |    10 ||    29
       Distracted        |       |     1 |     2 ||     3
       Invisible         |       |       |     6 ||     6
       Confused          |       |       |     1 ||     1
       Paralysed         |       |       |     1 ||     1
  Eat: Chunk             |     3 |     7 |     8 ||    18
       Ration            |       |       |     1 ||     1
Armor: Robe              |     2 |       |       ||     2
       Leather armour    |    28 |    37 |   116 ||   181
Dodge: Dodged            |    32 |    37 |   207 ||   276

Table legend:
 A = Non-vault XP
 B = Vault XP
 C = Vault XP percentage of total XP
 D = Non-vault monster count
 E = Vault monster count
 F = Vault count percentage of total count
                 A         B        C        D         E       F
            +---------+---------+-------+---------+---------+-------
      Total |    3322 |     659 |  16.6 |     158 |      13 |   7.6
            +---------+---------+-------+---------+---------+-------
        D:1 |      32 |       0 |   0.0 |      20 |       0 |   0.0
        D:2 |      44 |       0 |   0.0 |      21 |       0 |   0.0
        D:3 |      73 |      36 |  33.0 |      16 |       1 |   5.9
        D:4 |     292 |       0 |   0.0 |      13 |       0 |   0.0
        D:5 |     671 |       0 |   0.0 |      21 |       0 |   0.0
        D:6 |     984 |     502 |  33.8 |      19 |       9 |  32.1
        D:7 |     636 |     121 |  16.0 |      23 |       3 |  11.5
        D:8 |     590 |       0 |   0.0 |      25 |       0 |   0.0
            +---------+---------+-------+---------+---------+-------
